 Dungeon Crawl Stone Soup version 0.27-a0-1200-g94dc6ad4cf (webtiles) character file.

Game seed: 11392126838511963349

2868 Azzok the Cleaver (level 9, -1/94 HPs)
             Began as a Demonspawn Berserker on May 30, 2021.
             Was an Elder of Trog.
             Succumbed to a killer bee's poison
             ... on level 7 of the Dungeon.
             The game lasted 00:07:57 (9237 turns).

Azzok the Cleaver (Demonspawn Berserker)            Turns: 9237, Time: 00:07:58

Health: -1/94      AC: 12    Str: 22    XL:     9   Next: 47%
Magic:  4/9        EV:  8    Int:  8    God:    Trog [****..]
Gold:   280        SH:  5    Dex: 12    Spells: 8/8 levels left

rFire    . . .     SeeInvis +   A - +0 war axe
rCold    . . .     Faith    .   k - +0 buckler
rNeg     . . .     Spirit   +   f - +0 chain mail
rPois    .         Reflect  .   (helmet restricted)
rElec    .         Harm     .   v - +0 cloak
rCorr    .         Rampage  .   C - +0 pair of gloves
Will     .....                  (no boots)
Stlth    ..........             c - amulet of guardian spirit
HPRegen  0.25/turn              j - ring of see invisible
MPRegen  0.11/turn              (no ring)

@: berserking (expiring), lethally poisoned (-1 -> -19), very quick
A: horns 2, thin metallic scales 1, powered by pain 2
a: Renounce Religion, Berserk, Trog's Hand, Brothers in Arms


You were on level 7 of the Dungeon.
You worshipped Trog.
Trog was greatly pleased with you.
You visited 1 branch of the dungeon, and saw 8 of its levels.

You collected 280 gold pieces.

Inventory:

Hand Weapons
 h - a +0 whip of venom
 x - a +4 spectral club
 A - a +0 war axe (weapon)
Missiles
 m - 8 curare-tipped darts
Armour
 f - a +0 chain mail (worn)
 k - a +0 buckler (worn)
 v - a +0 cloak (worn)
 C - a +0 pair of gloves (worn)
Jewellery
 c - an amulet of guardian spirit (around neck)
 j - a ring of see invisible (left hand)
 y - a ring of resist corrosion
Wands
 i - a wand of flame (38)
 w - a wand of iceblast (12)
Scrolls
 d - a scroll of fog {unknown}
 l - a scroll of amnesia {unknown}
 o - 3 scrolls of enchant armour {unknown}
 q - a scroll of vulnerability {unknown}
 r - a scroll of torment {unknown}
 s - a scroll of silence {unknown}
 t - a scroll of immolation {unknown}
 u - 3 scrolls of magic mapping {unknown}
 B - a scroll of blinking {unknown}
 D - a scroll of identify
 E - 2 scrolls of teleportation {unknown}
 F - a scroll of enchant weapon {unknown}
Potions
 a - a potion of flight {unknown}
 b - 2 potions of berserk rage {unknown}
 e - 6 potions of curing
 g - 2 potions of ambrosia
 n - a potion of haste
 p - 2 potions of might
 z - 2 potions of lignification


   Skills:
 - Level 3.0 Fighting
 + Level 11.4 Axes
 - Level 1.7 Armour
 - Level 1.7 Dodging
 - Level 4.0 Shields


You had 8 spell levels left.
You didn't know any spells.
Your spell library was empty.

Dungeon Overview and Level Annotations

Branches:
Dungeon (8/15)             Temple (0/1) D:7
   Lair: D:8-11

Altars:
Ashenzari
Nemelex Xobeh
Uskayaw
Zin


Innate Abilities, Weirdness & Mutations

You have a pair of horns on your head.
You are partially covered in thin metallic scales. (AC +2)
You sometimes gain power by taking damage.


Message History

The killer bee stings you but does no damage.
You closely miss the killer bee. You headbutt the killer bee.
You kill the killer bee!
Trog accepts your kill.
You miss the killer bee. You closely miss the killer bee.
* * * LOW HITPOINT WARNING * * *
You feel very sick. The killer bee barely misses you.
The killer bee stings you but does no damage.
The killer bee barely misses you. The killer bee stings you.
* * * LOW HITPOINT WARNING * * *
You miss the killer bee.
The killer bee is severely wounded.
You closely miss the killer bee.
* * * LOW HITPOINT WARNING * * *
You feel very sick. The killer bee stings you.
* * * LOW HITPOINT WARNING * * *
You are more poisoned.
The killer bee poisons you! The killer bee closely misses you.
You slash the killer bee!
You kill the killer bee!
Trog accepts your kill.
You slash the killer bee!
You kill the killer bee!
Trog accepts your kill.
* * * LOW HITPOINT WARNING * * *
You feel very sick.
* * * LOW HITPOINT WARNING * * *
You feel very sick.
You see here a killer bee corpse.
There is a lethal amount of poison in your body!
There is a lethal amount of poison in your body!
You are too berserk!
You are too berserk!
There is a lethal amount of poison in your body!
You feel a strong urge to attack something.
* * * LOW HITPOINT WARNING * * *
You feel very sick.
You die...

········▒····▒·▒
·[·▒▒······▒·▒·▒
·▒▒▒▒▒▒·▒·▒▒·▒·▒ ·▒
▒·▒·▒▒·▒·▒▒▒▒▒▒▒▒▒ ·▒
▒·▒·▒▒·▒·········▒▒ ·▒
▒·▒····▒··▒▒······▒
·▒▒▒▒▒▒·▒▒▒▒▒▒··········▒
··············†>········▒
·▒▒▒·▒▒·▒·▒▒·▒▒▒@▒·▒▒▒▒▒▒ ·▒
▒·▒▒·▒········▒·▒ ·▒
▒·▒▒·▒··▒·▒▒▒▒▒·▒ ▒▒▒▒▒▒▒
·▒▒▒·▒▒·▒▒▒▒·▒▒▒▒▒·▒ ▒·····▒
··▒▒·▒▒··········▒)▒ ▒·▒▒▒·▒
··▒▒·▒▒▒▒▒▒······▒·▒▒▒▒·▒▒▒·▒
··▒▒·▒ ▒······▒········▒·▒
·▒▒▒·▒ ▒······▒▒·······▒·▒
·▒▒▒·▒ ▒······▒▒·······▒·▒


There were no monsters in sight!

Vanquished Creatures
  Joseph (D:7)
  A wyvern (D:8)
  Eustachio (D:5)
  A water moccasin (D:6)
  2 sky beasts
  An ice beast (D:7)
  A necrophage (D:4)
  2 ogres (D:6)
  A phantom (D:6)
  A wyvern skeleton (D:7)
  2 wyvern zombies
  7 killer bees (D:7)
  2 howler monkeys (D:5)
  A centaur zombie (D:7)
  4 hounds
  A jelly (D:7)
  3 orc priests
  2 bullfrog skeletons
  A centaur skeleton (D:5)
  A gnoll shaman (D:7)
  Ijyb (D:4)
  Jessica (D:2)
  8 iguanas
  An orc wizard (D:4)
  A killer bee zombie (D:7)
  Robin (D:3)
  11 gnolls
  7 adders
  A shadow imp (D:6)
  2 white imps
  2 adder skeletons
  3 worms
  2 dart slugs (D:2)
  8 orcs
  6 ball pythons
  9 bats
  8 endoplasms
  3 giant cockroaches
  16 goblins
  6 hobgoblins
  3 jackals (D:3)
  2 quokkas
  4 frilled lizards
  2 kobolds
  2 rats
146 creatures vanquished.

Notes
Turn   | Place    | Note
-------+----------+-------------------------------------------
     0 | D:1      | Azzok the Demonspawn Berserker began the quest for the Orb.
     0 | D:1      | Reached XP level 1. HP: 18/18 MP: 1/1
   137 | D:1      | Reached skill level 3 in Axes
   338 | D:1      | Gained mutation: You have a pair of small horns on your
                  | head. [demonic ancestry]
   338 | D:1      | Reached XP level 2. HP: 16/24 MP: 2/2
   507 | D:1      | Found a faded altar of an unknown god.
  1143 | D:2      | Gained mutation: You sometimes gain a little power by
                  | taking damage. [demonic ancestry]
  1143 | D:2      | Reached XP level 3. HP: 29/29 MP: 3/3
  1145 | D:2      | Reached skill level 4 in Axes
  1374 | D:2      | Reached XP level 4. HP: 32/35 MP: 4/4
  1400 | D:2      | Reached ** piety under Trog
  1402 | D:2      | Noticed Jessica
  1413 | D:2      | Killed Jessica
  1774 | D:2      | Reached skill level 5 in Axes
  1989 | D:3      | Found a broken altar of Ashenzari.
  2390 | D:3      | Gained mutation: You have a pair of horns on your head.
                  | [demonic ancestry]
  2390 | D:3      | Reached XP level 5. HP: 38/41 MP: 3/5
  2427 | D:3      | Noticed Robin
  2441 | D:3      | Killed Robin
  2442 | D:3      | Reached skill level 1 in Shields
  3130 | D:4      | Found a hide-covered altar of Uskayaw.
  3304 | D:4      | Reached XP level 6. HP: 20/47 MP: 1/6
  3929 | D:4      | Reached *** piety under Trog
  3942 | D:4      | Reached skill level 6 in Axes
  4108 | D:4      | Noticed Ijyb
  4117 | D:4      | Killed Ijyb
  4486 | D:5      | Entered Level 5 of the Dungeon
  4667 | D:5      | Gained mutation: You sometimes gain power by taking damage.
                  | [demonic ancestry]
  4667 | D:5      | Reached XP level 7. HP: 51/52 MP: 7/7
  4919 | D:5      | Noticed Eustachio
  4939 | D:5      | Killed Eustachio
  4940 | D:5      | Reached skill level 7 in Axes
  5587 | D:6      | Gained mutation: You are partially covered in thin metallic
                  | scales. (AC +2) [demonic ancestry]
  5587 | D:6      | Reached XP level 8. HP: 58/58 MP: 8/8
  5597 | D:6      | Reached skill level 8 in Axes
  6108 | D:6      | Reached skill level 9 in Axes
  7063 | D:7      | Found a sparkling altar of Nemelex Xobeh.
  7562 | D:7      | Reached skill level 10 in Axes
  7780 | D:7      | Reached XP level 9. HP: 32/63 MP: 5/9
  7788 | D:7      | Reached **** piety under Trog
  8232 | D:7      | Found a staircase to the Ecumenical Temple.
  8456 | D:7      | Noticed Joseph
  8471 | D:7      | Killed Joseph
  8472 | D:7      | Reached skill level 11 in Axes
  9236 | D:7      | HP: 2/94 [poisoned by a killer bee]
  9237 | D:7      | Succumbed to a killer bee's poison

Illustrated notes

Levels and vault maps discovered:
D:1:      minmay_arrival_three_doors, layout_loops_ring,
          shapermc_ecumenical_altar_notcrosses, hangedman_decor_lopped,
          minmay_3d_cube
D:2:      layout_basic, hex_intersection, uniq_jessica
D:3:      layout_basic, evilmike_ruin_ashenzari, uniq_robin
D:4:      layout_loops_corners, nicolae_uskayaw_murder_on_the_dancefloor,
          small_statue_intersection, saegor_snake_ambush, uniq_ijyb
D:5:      layout_loops_ring, uniq_eustachio
D:6:      layout_cave_pools, zin_academy, hangedman_decor_diamond_cutter
D:7:      layout_basic, nemelex_xobeh_ov_fountains_minmay,
          minmay_temple_entry_overgrown, kennysheep_generic_room_11, uniq_joseph
D:8:      layout_rooms

Skill      XL: |  1  2  3  4  5  6  7  8  9 |
---------------+----------------------------+-----
Axes           | 3 4 5 6 7 10 11 | 11.4
Shields        | 2 3 4 |  4.0
Fighting       | |  3.0
Armour         | |  1.7
Dodging        | |  1.7

Action                   |  1- 3 |  4- 6 |  7- 9 || total
-------------------------+-------+-------+-------++-------
Melee: Hand axe          |    68 |       |       ||    68
       Headbutt          |    13 |    32 |    59 ||   104
       Whip              |     3 |   187 |   292 ||   482
       Club              |       |       |    16 ||    16
       War axe           |       |       |    11 ||    11
Invok: Berserk           |     1 |     2 |     3 ||     6
  Use: Scroll            |       |       |     7 ||     7
Armor: Ring mail         |    18 |       |       ||    18
       Animal skin       |     2 |       |       ||     2
       Chain mail        |    27 |    85 |   137 ||   249
Dodge: Dodged            |    46 |    54 |    99 ||   199
Block: Buckler           |       |    21 |    60 ||    81

Table legend: (Time is in decaauts)
 A = Elapsed time spent in this place.
 B = Non-inter-level travel time spent in this place.
 C = Inter-level travel time spent in this place.
 D = Time resting spent in this place.
 E = Time spent auto-exploring this place.
 F = Levels seen in this place.
 G = Mean time per level.
                   A        B        C        D        E       F      G
               +--------+--------+--------+--------+--------+-----+--------+
         Total |   9257 |   9075 |    182 |   1013 |   6894 |   8 | 1157.1 |
       Dungeon |   9257 |   9075 |    182 |   1013 |   6894 |   8 | 1157.1 |
               +--------+--------+--------+--------+--------+-----+--------+

Top non-repeatable levels by time:
     D:7: 1784 daAuts
     D:4: 1586 daAuts
     D:5: 1361 daAuts
     D:6: 1212 daAuts
     D:1: 1022 daAuts
     D:3: 981 daAuts
     D:2: 947 daAuts
     D:8: 362 daAuts
